 Dungeon Crawl Stone Soup version 0.31-a0-1300-gb6740aa4e6 (webtiles) character file.

Game seed: 10247091453072841697

37 thriggle the Chiller (level 3, -2/26 HPs)
             Began as a Barachi Ice Elementalist on Dec 18, 2023.
             Slain by a cerulean imp
             ... wielding a +1 spear
             ... summoned by Natasha
              (5 damage)
             ... on level 2 of the Dungeon.
             The game lasted 00:05:00 (990 turns).

thriggle the Chiller (Barachi Ice Elementalist)      Turns: 990, Time: 00:05:01

Health: -2/26      AC:  5    Str: 11    XL:     3   Next: 41%
Magic:  5/6        EV: 10    Int: 21    God:
Gold:   24         SH:  0    Dex: 12    Spells: 6/7 levels left

rFire   . . .        d - +0 dagger
rCold   . . .        (no shield)
rNeg    . . .        j - +0 ring mail
rPois   +            (no helmet)
rElec   .            (no cloak)
rCorr   .            (no gloves)
SInv    .            (no boots)
Will    .....        (no amulet)
Stlth   +            g - ring of poison resistance
HPRegen 0.24/turn    k - +6 ring of intelligence
MPRegen 0.10/turn

%: no passive effects
@: unable to hop, slowed, very slow
A: amphibious, slowness 1, strong legs 1, +LOS
a: Hop


You were on level 2 of the Dungeon.
You visited 1 branch of the dungeon, and saw 2 of its levels.

You collected 24 gold pieces.

Inventory:

Hand Weapons
 c - a +0 club
 d - a +0 dagger (weapon)
Armour
 a - a +0 robe
 j - a +0 ring mail (worn)
Jewellery
 g - a ring of poison resistance (left hand)
 k - a +6 ring of intelligence (right hand)
Scrolls
 e - a scroll of enchant weapon {unknown}
 i - a scroll of noise {unknown}
 l - 4 scrolls of vulnerability
Potions
 b - a potion of magic
 f - a potion of brilliance


   Skills:
 + Level 1.3 Fighting
 + Level 0.7 Long Blades
 + Level 2.6 Dodging
 + Level 2.2 Stealth
 + Level 2.5 Spellcasting
 + Level 5.0 Ice Magic


You had 6 spell levels left.
You knew the following spells:

 Your Spells              Type           Power      Damage    Failure   Level
a - Freeze                Ice            96%        1d10      4%          1

Your spell library contained the following spells:

 Spells                   Type           Power      Damage    Failure   Level
 Frozen Ramparts          Ice            48%        1d8       13%         3
 Ozocubu's Armour         Ice            24%        N/A       13%         3
 Cigotuvi's Dreadful Rot  Necr/Pois/Air  4%         N/A       45%         2
 Inner Flame              Hex/Fire       2%         N/A       71%         3
 Summon Ice Beast         Ice/Summ       13%        N/A       75%         4
 Dispel Undead            Necr           2%         3d7       98%         4
 Yara's Violent Unravell  Hex/Tmut       1%         3d3       100%        5
 Death Channel            Necr           1%         N/A       100%        6
 Enfeeble                 Hex            1%         N/A       100%        7


Dungeon Overview and Level Annotations

Branches:
Dungeon (2/15)

Altars:

Annotations:
D:2 Natasha, Sigmund


Innate Abilities, Weirdness & Mutations

You are amphibious.
You cover ground slowly.
You can hop short distances.
You have an extended range of vision and can be seen from far away.


Message History

It is a scroll of identify.
l - 4 scrolls of vulnerability
As you read the scroll of identify, it crumbles to dust.
f - a potion of brilliance Natasha, Servant of Life and Death comes into view.
Natasha hisses angrily.
Natasha wildly gestures.
Natasha's front paws start to glow.
Natasha casts a spell.
Natasha mumbles some strange words.
Natasha's front paws start to glow.
The cerulean imp hits you from afar with a +1 spear.
The cerulean imp attacks as it pursues you!
The cerulean imp hits you from afar with a +1 spear.
Natasha mumbles some strange words.
You feel disoriented.
Hop to where?
Press: ? - help, Dir - move target Boing!
You closely miss Natasha. Natasha claws you but does no damage.
The cerulean imp hits you from afar with a +1 spear.
You hit Natasha but do no damage. Natasha casts a spell at you.
You feel yourself slow down.
The cerulean imp hits you from afar with a +1 spear.
Casting: Freeze (safe; 4% risk of failure)
Confirm with . or Enter, or press ? or * to list all spells.
Aiming: Freeze (safe; 4% risk of failure)
Press: ? - help, Shift-Dir - straight line, f - Natasha
Aim: Natasha You freeze Natasha!
Natasha is severely wounded.
Natasha stares at you and mumbles some strange words.
The magic dart hits you.
The cerulean imp hits you from afar with a +1 spear.
* * * LOW HITPOINT WARNING * * *
Natasha claws you.
* * * LOW HITPOINT WARNING * * *
The cerulean imp hits you from afar with a +1 spear.
You die...

###
...#####.
#.#
.........
...
.........
#.#
#..###...
#.# #...
#.# ##.>
#.# #..
#.# ###
#@# #h# #
#5# #.#
#.# #.#
#.# #.#
##.#


You could see Natasha and a cerulean imp (summoned).

Vanquished Creatures
  A dart slug (D:1)
  4 ball pythons (D:1)
  6 bats (D:1)
  An endoplasm (D:2)
  A giant cockroach (D:2)
  4 goblins (D:1)
  3 hobgoblins
  4 kobolds (D:1)
  4 quokkas (D:1)
  2 frilled lizards
  A rat (D:2)
31 creatures vanquished.

Notes
Turn   | Place    | Note
-------+----------+-------------------------------------------
     0 | D:1      | thriggle the Barachi Ice Elementalist began the quest for
                  | the Orb.
     0 | D:1      | Reached XP level 1. HP: 13/13 MP: 3/3
   131 | D:1      | Reached XP level 2. HP: 14/19 MP: 1/5
   229 | D:1      | Reached skill level 5 in Ice Magic
   404 | D:1      | Reached skill level 1 in Fighting
   538 | D:1      | Reached XP level 3. HP: 26/26 MP: 2/6
   825 | D:2      | Noticed Sigmund
   981 | D:2      | Noticed Natasha
   990 | D:2      | Slain by a cerulean imp

Illustrated notes

Levels and vault maps discovered:
D:1:      wander_arrival_abandoned_jail, layout_loops_ring
D:2:      layout_loops_ring, uniq_natasha, uniq_sigmund, uniq_robin

Skill      XL: |  1  2 |
---------------+-------+-----
Stealth        | 2 |  2.2
Ice Magic      | 5 |  5.0
Fighting       | 1 |  1.3
Long Blades    | |  0.7
Dodging        | |  2.6
Spellcasting   | |  2.5

Action                     || total
---------------------------++-------
  Melee: Dagger            ||    56
   Cast: Freeze            ||    31
Ability: Hop               ||     1
    Use: Scroll            ||     2
   Stab: Sleeping          ||     1
 Armour: Robe              ||    49
         Ring mail         ||    17
  Dodge: Dodged            ||    54

Table legend: (Time is in decaauts)
 A = Elapsed time spent in this place.
 B = Non-inter-level travel time spent in this place.
 C = Inter-level travel time spent in this place.
 D = Time resting spent in this place.
 E = Time spent auto-exploring this place.
 F = Levels seen in this place.
 G = Mean time per level.
                   A        B        C        D        E       F      G
               +--------+--------+--------+--------+--------+-----+--------+
         Total |   1142 |   1090 |     52 |     32 |    396 |   2 |  571.0 |
       Dungeon |   1142 |   1090 |     52 |     32 |    396 |   2 |  571.0 |
               +--------+--------+--------+--------+--------+-----+--------+

Top non-repeatable levels by time:
     D:1: 949 daAuts
     D:2: 193 daAuts
